AA SOUTH
WEST VIRGINIA BLACK BEARS @ MISSISSIPPI BRAVES
06/01/2042
 
TOP OF THE 1ST
West Virginia Black Bears batting - Pitching for Mississippi Braves : LHP Jerry Mayes
Pitching: LHP Jerry Mayes
Batting: LHB Chuck Christian 0-0: Called Strike
0-1: Swinging Strike
0-2: Ball
1-2: Ground out U3 (Groundball, 3L, EV 78.1 MPH)
Batting: RHB Tim Ward 0-0: Ball
1-0: Called Strike
1-1: Swinging Strike
1-2: Foul Ball, location: 9LSF
1-2: Strikes out swinging
Batting: LHB Charlie Upton 0-0: Ball
1-0: Called Strike
1-1: Ground out 5-3 (Groundball, 5, EV 89.4 MPH)
Top of the 1st over - 0 runs, 0 hits, 0 errors, 0 left on base; West Virginia 0 - Mississippi 0
BOTTOM OF THE 1ST
Mississippi Braves batting - Pitching for West Virginia Black Bears : LHP Chris Flowers
Pitching: LHP Chris Flowers
Batting: RHB Juan Magana 0-0: Ball
1-0: Called Strike
1-1: Called Strike
1-2: Ball
2-2: Foul Ball, location: 3SF
2-2: Foul Ball, location: 3FF
2-2: Ball
3-2: Base on Balls
Batting: RHB Gene McDonald 0-0: Ball
1-0: Grounds into double play, 4-6-3 (Groundball, 34, EV 85.6 MPH)
Batting: RHB Manny Arreola 0-0: Ball
1-0: SINGLE (Groundball, 56D, EV 104.4 MPH)
Batting: RHB Dane St. Ives 0-0: Ball
1-0: Swinging Strike
1-1: Called Strike
1-2: Foul Ball, location: 3F
1-2: Ball
2-2: Ball
3-2: Strikes out swinging
Bottom of the 1st over - 0 runs, 1 hit, 0 errors, 1 left on base; West Virginia 0 - Mississippi 0
TOP OF THE 2ND
West Virginia Black Bears batting - Pitching for Mississippi Braves : LHP Jerry Mayes
Batting: RHB Thad Bunch 0-0: Foul Ball, location: 9LMF
0-1: Ball
1-1: Ball
2-1: Ball
3-1: Base on Balls
Batting: RHB Marc McInnis 0-0: Ball
1-0: Ball
2-0: Sac Bunt to 2R - play at first, batter OUT! 2-3
Thad Bunch to second
Batting: SHB José Hernández 0-0: Called Strike
0-1: Ball
1-1: Swinging Strike
1-2: Ball
2-2: Ball
3-2: Ground out 4-3 (Groundball, 4M, EV 105.6 MPH)
Thad Bunch to third
Batting: RHB Kevin Davis 0-0: Ball
1-0: Swinging Strike
1-1: Fly out, F7 (Flyball, 78S, EV 82.5 MPH)
Top of the 2nd over - 0 runs, 0 hits, 0 errors, 1 left on base; West Virginia 0 - Mississippi 0
BOTTOM OF THE 2ND
Mississippi Braves batting - Pitching for West Virginia Black Bears : LHP Chris Flowers
Batting: RHB Bert Robinson 0-0: Ball
1-0: Foul Ball, location: 2F
1-1: Ball
2-1: Swinging Strike
2-2: SINGLE (Groundball, 6MD, EV 95.0 MPH)
Batting: RHB Wilbert McDonald 0-0: SINGLE (Groundball, 34D, EV 100.6 MPH)
Bert Robinson to second
Runner from 2nd tries for 3rd, SAFE, no throw by RF
Batting: RHB José Vargas 0-0: Called Strike
Wilbert McDonald steals 2nd base
0-1: Ground out 5-3 (Groundball, 56, EV 84.4 MPH)
Batting: RHB Juan Martínez 0-0: Foul Ball, location: 23F
0-1: Ball
1-1: SINGLE (Line Drive, 8RS, EV 93.1 MPH)
Bert Robinson scores
Wilbert McDonald to third
Batting: LHB Jim Hammer 0-0: Ball
1-0: Swinging Strike
1-1: Foul Ball, location: 2F
1-2: Ball
2-2: Foul Ball, location: 9LSF
2-2: Fly out, F7 (Flyball, 7LS, EV 93.1 MPH)
Batting: RHB Juan Magana 0-0: Called Strike
0-1: Foul Ball, location: 2F
0-2: Foul Ball, location: 2F
0-2: Strikes out swinging
Bottom of the 2nd over - 1 run, 3 hits, 0 errors, 2 left on base; West Virginia 0 - Mississippi 1
TOP OF THE 3RD
West Virginia Black Bears batting - Pitching for Mississippi Braves : LHP Jerry Mayes
Batting: RHB Kevin Wadley 0-0: Called Strike
0-1: Foul Ball, location: 23F
0-2: Ball
1-2: Strikes out looking
Batting: RHB Alex Owens 0-0: Ball
1-0: Fly out, F9 (Flyball, 9S, EV 83.8 MPH)
Batting: LHB Chuck Christian 0-0: Ball
1-0: Foul Ball, location: 7LDF
1-1: Ball
2-1: Ball
3-1: Called Strike
3-2: Base on Balls
Batting: RHB Tim Ward 0-0: Called Strike
0-1: Foul Ball, location: 5SF
0-2: Ball
Chuck Christian is caught stealing 2nd base 2-4
Top of the 3rd over - 0 runs, 0 hits, 0 errors, 0 left on base; West Virginia 0 - Mississippi 1
BOTTOM OF THE 3RD
Mississippi Braves batting - Pitching for West Virginia Black Bears : LHP Chris Flowers
Batting: RHB Gene McDonald 0-0: Called Strike
0-1: Called Strike
0-2: Ball
1-2: Foul Ball, location: 2F
1-2: Fly out, F7 (Line Drive, 78D, EV 88.1 MPH)
Batting: RHB Manny Arreola 0-0: Called Strike
0-1: Reached on error, E4 (Groundball, 4MD, EV 97.5 MPH)
Batting: RHB Dane St. Ives 0-0: DOUBLE (Flyball, 8LXD, EV 95.0 MPH)
Manny Arreola scores
Batting: RHB Bert Robinson 0-0: Ball
1-0: SINGLE (Groundball, 4MD, EV 102.5 MPH)
Dane St. Ives to third
Runner from 3rd tries for Home, SAFE, throw by CF to home
Batting: RHB Wilbert McDonald 0-0: Foul Ball, location: 2F
0-1: Grounds into double play, U6-3 (Groundball, 4M, EV 105.6 MPH)
Bottom of the 3rd over - 2 runs, 2 hits, 1 error, 0 left on base; West Virginia 0 - Mississippi 3
TOP OF THE 4TH
West Virginia Black Bears batting - Pitching for Mississippi Braves : LHP Jerry Mayes
Batting: RHB Tim Ward 0-0: Ball
1-0: Called Strike
1-1: Swinging Strike
1-2: Ball
2-2: Strikes out swinging
Batting: LHB Charlie Upton 0-0: Called Strike
0-1: Ball
1-1: Fly out, F5 (Popup, 5S, EV 81.3 MPH)
Batting: RHB Thad Bunch 0-0: Ball
1-0: Ball
2-0: Foul Ball, location: 5DF
2-1: Ball
3-1: Base on Balls
Batting: RHB Marc McInnis 0-0: Ball
1-0: Called Strike
1-1: Fly out, F4 (Popup, 4M, EV 74.4 MPH)
Top of the 4th over - 0 runs, 0 hits, 0 errors, 1 left on base; West Virginia 0 - Mississippi 3
BOTTOM OF THE 4TH
Mississippi Braves batting - Pitching for West Virginia Black Bears : LHP Chris Flowers
Batting: RHB José Vargas 0-0: Called Strike
0-1: Foul Ball, location: 3F
0-2: Ball
1-2: Ball
2-2: Ball
3-2: Foul Ball, location: 9LSF
3-2: Fly out, F8 (Flyball, 8LXD, EV 96.3 MPH)
Batting: RHB Juan Martínez 0-0: Called Strike
0-1: Ball
1-1: Ball
2-1: DOUBLE (Groundball, 3L, EV 101.3 MPH)
Batting: LHB Jim Hammer 0-0: Ball
1-0: Ball
2-0: Called Strike
2-1: Ball
3-1: Base on Balls
Batting: RHB Juan Magana 0-0: Called Strike
0-1: Ball
1-1: Ball
2-1: Ball
3-1: Base on Balls
Juan Martínez to third
Jim Hammer to second
Batting: RHB Gene McDonald 0-0: Ball
1-0: Ball
2-0: Foul Ball, location: 9LSF
2-1: Ground out 6-3 (Groundball, 6, EV 61.9 MPH)
Juan Martínez scores
Jim Hammer to third
Juan Magana to second
Batting: RHB Manny Arreola 0-0: Called Strike
0-1: Fly out, F7 (Flyball, 7S, EV 86.3 MPH)
Bottom of the 4th over - 1 run, 1 hit, 0 errors, 2 left on base; West Virginia 0 - Mississippi 4
TOP OF THE 5TH
West Virginia Black Bears batting - Pitching for Mississippi Braves : LHP Jerry Mayes
Batting: SHB José Hernández 0-0: Called Strike
0-1: Ball
1-1: Foul Ball, location: 2F
1-2: Fly out, F9 (Flyball, 9, EV 92.5 MPH)
Batting: RHB Kevin Davis 0-0: Swinging Strike
0-1: Called Strike
0-2: Ball
1-2: Strikes out looking
Batting: RHB Kevin Wadley 0-0: Called Strike
0-1: Called Strike
0-2: Strikes out looking
Top of the 5th over - 0 runs, 0 hits, 0 errors, 0 left on base; West Virginia 0 - Mississippi 4
BOTTOM OF THE 5TH
Mississippi Braves batting - Pitching for West Virginia Black Bears : LHP Chris Flowers
Batting: RHB Dane St. Ives 0-0: Ball
1-0: Ball
2-0: Ball
3-0: Called Strike
3-1: Base on Balls
Batting: RHB Bert Robinson 0-0: Ball
1-0: Sac Bunt to 2R - play at second, runner safe!
Batting: RHB Wilbert McDonald 0-0: Ball
1-0: Ball
2-0: Ball
3-0: Called Strike
3-1: Base on Balls
Dane St. Ives to third
Bert Robinson to second
Pitching: RHP Eli Simmons
Batting: RHB José Vargas 0-0: Ball
1-0: Ball
2-0: Ball
3-0: Base on Balls
Dane St. Ives scores
Bert Robinson to third
Wilbert McDonald to second
Batting: RHB Juan Martínez 0-0: Called Strike
0-1: Ball
1-1: Ball
2-1: Grounds into double play, 3-6-3 (Groundball, 34S, EV 91.3 MPH)
Bert Robinson scores
Wilbert McDonald to third
Batting: LHB Jim Hammer 0-0: Ball
1-0: Ball
2-0: Called Strike
2-1: Swinging Strike
2-2: Ball
3-2: SINGLE (Line Drive, 6M, EV 105.0 MPH)
Wilbert McDonald scores
Batting: RHB Juan Magana 0-0: Foul Ball, location: 9LDF
0-1: Ball
1-1: Ball
2-1: SINGLE (Groundball, 4MD, EV 96.9 MPH)
Jim Hammer to second
Batting: RHB Gene McDonald 0-0: Foul Ball, location: 9LSF
0-1: Foul Ball, location: 7LDF
0-2: Ball
1-2: Ball
2-2: Foul Ball, location: 3F
2-2: Ball
3-2: Base on Balls
Jim Hammer to third
Juan Magana to second
Batting: RHB Manny Arreola 0-0: Ball
1-0: Called Strike
1-1: Ball
2-1: Called Strike
2-2: Foul Ball, location: 2F
2-2: Foul Ball, location: 2F
2-2: Foul Ball, location: 2F
2-2: Fly out, F8 (Flyball, 8RD, EV 84.4 MPH)
Bottom of the 5th over - 3 runs, 2 hits, 0 errors, 3 left on base; West Virginia 0 - Mississippi 7
TOP OF THE 6TH
West Virginia Black Bears batting - Pitching for Mississippi Braves : LHP Jerry Mayes
Batting: RHB Alex Owens 0-0: Ball
1-0: Called Strike
1-1: Swinging Strike
1-2: Ball
2-2: Strikes out swinging
Batting: LHB Chuck Christian 0-0: Ball
1-0: Foul Ball, location: 23FF
1-1: Ball
2-1: Foul Ball, location: 9LMF
2-2: Ball
3-2: Fly out, F8 (Flyball, 8LXD, EV 100.6 MPH)
Batting: RHB Tim Ward 0-0: Ball
1-0: Swinging Strike
1-1: Ball
2-1: Ball
3-1: Called Strike
3-2: Ground out 5-3 (Groundball, 56, EV 85.0 MPH)
Top of the 6th over - 0 runs, 0 hits, 0 errors, 0 left on base; West Virginia 0 - Mississippi 7
BOTTOM OF THE 6TH
Mississippi Braves batting - Pitching for West Virginia Black Bears : RHP Eli Simmons
Batting: RHB Dane St. Ives 0-0: Called Strike
0-1: Ball
1-1: Foul Ball, location: 2F
1-2: Foul Ball, location: 5DF
1-2: Ball
2-2: Foul Ball, location: 3FF
2-2: Foul Ball, location: 7LMF
2-2: Ball
3-2: Hit by Pitch
Batting: RHB Bert Robinson 0-0: Fly out, F9 (Flyball, 89M, EV 77.5 MPH)
Batting: RHB Wilbert McDonald 0-0: Called Strike
0-1: Ball
1-1: Ball
2-1: Ball
3-1: Base on Balls
Dane St. Ives to second
Batting: RHB José Vargas 0-0: Foul Ball, location: 9LSF
0-1: Foul Ball, location: 2F
0-2: Fly out, F3 (Popup, 34S, EV 79.4 MPH)
Batting: RHB Juan Martínez 0-0: Called Strike
0-1: Ball
1-1: Called Strike
1-2: Strikes out swinging
Bottom of the 6th over - 0 runs, 0 hits, 0 errors, 2 left on base; West Virginia 0 - Mississippi 7
TOP OF THE 7TH
West Virginia Black Bears batting - Pitching for Mississippi Braves : LHP Jerry Mayes
Pinch Hitting: RHB Anastasio Navarro 0-0: Called Strike
0-1: Ground out 6-3 (Groundball, 6, EV 83.8 MPH)
Batting: RHB Thad Bunch 0-0: Called Strike
0-1: Foul Ball, location: 9LDF
0-2: Strikes out swinging
Pinch Hitting: RHB Augusto Rúbio 0-0: Called Strike
0-1: SINGLE (Line Drive, 8RS, EV 97.5 MPH)
Pitching: LHP António Martínez
Batting: SHB José Hernández 0-0: Ball
1-0: Called Strike
1-1: Called Strike
1-2: DOUBLE (Line Drive, 7LS, EV 98.1 MPH)
Augusto Rúbio to third
Batting: RHB Kevin Davis 0-0: Fly out, F8 (Line Drive, 8RM, EV 102.5 MPH)
Top of the 7th over - 0 runs, 2 hits, 0 errors, 2 left on base; West Virginia 0 - Mississippi 7
BOTTOM OF THE 7TH
Mississippi Braves batting - Pitching for West Virginia Black Bears : RHP Eli Simmons
Now at 1B: Augusto Rúbio
Now in LF: José Hernández
Now in RF: Esteban Soto
Pinch Hitting: RHB Jesús Guevara 0-0: DOUBLE (Groundball, 5L, EV 103.1 MPH)
Pitching: RHP Albert Plutin
Batting: RHB Juan Magana 0-0: Ball
1-0: DOUBLE (Flyball, 8LXD, EV 110.6 MPH)
Jesús Guevara scores
Batting: RHB Gene McDonald 0-0: Ball
1-0: DOUBLE (Line Drive, 5D, EV 100.0 MPH)
Juan Magana scores
Batting: RHB Manny Arreola 0-0: 2-RUN HOME RUN (Flyball, 7D, EV 95.0 MPH), Distance : 372 ft
Pinch Hitting: LHB Luis Ramírez 0-0: Fly out, F8 (Line Drive, 8LD, EV 87.5 MPH)
Batting: RHB Bert Robinson 0-0: Ball
1-0: Ball
2-0: Fly out, F7 (Flyball, 78D, EV 111.9 MPH)
Batting: RHB Wilbert McDonald 0-0: SINGLE (Flyball, 7LS, EV 96.3 MPH)
Batting: RHB José Vargas 0-0: Called Strike
0-1: Ball
1-1: Foul Ball, location: 9LDF
1-2: Strikes out looking
Bottom of the 7th over - 4 runs, 5 hits, 0 errors, 1 left on base; West Virginia 0 - Mississippi 11
TOP OF THE 8TH
West Virginia Black Bears batting - Pitching for Mississippi Braves : LHP António Martínez
Now at 1B: Jake Parkinson
Now in LF: Luis Ramírez
Batting: RHB Kevin Wadley 0-0: Called Strike
0-1: Ball
1-1: Ball
2-1: Foul Ball, location: 2F
2-2: Ground out 5-3 (Groundball, 56, EV 86.3 MPH)
Batting: RHB Alex Owens 0-0: SOLO HOME RUN (Flyball, 7D, EV 95.0 MPH), Distance : 390 ft
Batting: LHB Chuck Christian 0-0: Ball
1-0: Ball
2-0: Ball
3-0: Called Strike
3-1: Foul Ball, location: 5DF
3-2: Strikes out looking
Batting: RHB Tim Ward 0-0: Foul Ball, location: 9LMF
0-1: Swinging Strike
0-2: Ball
1-2: Ball
2-2: Foul Ball, location: 2F
2-2: Strikes out swinging
Top of the 8th over - 1 run, 1 hit, 0 errors, 0 left on base; West Virginia 1 - Mississippi 11
BOTTOM OF THE 8TH
Mississippi Braves batting - Pitching for West Virginia Black Bears : RHP Albert Plutin
Batting: RHB Juan Martínez 0-0: Ground out 2-3 (Groundball, 2R, EV 70.0 MPH)
Batting: RHB Jake Parkinson 0-0: Called Strike
0-1: Ball
1-1: Ball
2-1: Foul Ball, location: 23F
2-2: Foul Ball, location: 2LF
2-2: Foul Ball, location: 2F
2-2: Foul Ball, location: 2LF
2-2: Ground out 4-3 (Groundball, 4, EV 98.1 MPH)
Batting: RHB Juan Magana 0-0: Ball
1-0: SINGLE (Groundball, 56S, EV 73.1 MPH) (infield hit)
Batting: RHB Gene McDonald 0-0: Swinging Strike
0-1: Ball
1-1: Ground out 4-3 (Groundball, 4, EV 83.8 MPH)
Bottom of the 8th over - 0 runs, 1 hit, 0 errors, 1 left on base; West Virginia 1 - Mississippi 11
TOP OF THE 9TH
West Virginia Black Bears batting - Pitching for Mississippi Braves : LHP António Martínez
Batting: RHB Esteban Soto 0-0: Ball
1-0: Ball
2-0: SINGLE (Groundball, 6M, EV 104.4 MPH)
Batting: RHB Thad Bunch 0-0: Swinging Strike
0-1: Ball
1-1: Foul Ball, location: 2F
1-2: Ball
2-2: Ball
3-2: Foul Ball, location: 2F
3-2: Foul Ball, location: 2F
3-2: Base on Balls
Esteban Soto to second
Pinch Hitting: RHB Ben Miller 0-0: Called Strike
0-1: Foul Ball, location: 5F
0-2: Strikes out swinging
Pinch Hitting: RHB Steve Higgins 0-0: Ball
1-0: Ball
2-0: Foul Ball, location: 9LSF
2-1: Grounds into double play, 5-4-3 (Groundball, 5, EV 83.8 MPH)
Top of the 9th over - 0 runs, 1 hit, 0 errors, 1 left on base; West Virginia 1 - Mississippi 11
Friday, May 3rd , 2024 - OOTP Baseball 24.10 Build 82